 Dungeon Crawl Stone Soup version 0.20.1-1-g8b1a95d (webtiles) character file.

7682 empire the Fighter (level 11, 0/90 HPs)
             Began as a Minotaur Fighter on Aug 10, 2017.
             Slain by a gnoll
             ... wielding a +1 flail of draining
              (4 damage)
             ... on level 10 of the Dungeon.
             The game lasted 00:22:07 (11270 turns).

empire the Fighter (Minotaur Fighter)              Turns: 11270, Time: 00:22:07

Health: 0/90       AC:  7    Str: 23    XL:     11   Next: 0%
Magic:  13/13      EV: 11    Int:  5    God:
Gold:   427        SH: 11    Dex: 13    Spells: 10/10 levels left

rFire    . . .     SeeInvis +   a - +3 scimitar
rCold    + . .     Gourm    .   c - +0 shield
rNeg     . . .     Faith    .   s - +0 scale mail
rPois    .         Spirit   .   (helmet restricted)
rElec    +         Reflect  .   (no cloak)
rCorr    .         Harm     .   N - +1 pair of gloves
MR       .....                  (no boots)
Stlth    ..........             e - amulet "Loduesch" {RegenMP rElec rC+ Stlth-}
Regen    0.3/turn               H - ring of flight
MPRegen  0.2/turn               t - ring of see invisible

@: berserk cooldown, slowed, drained, very slow
A: retaliatory headbutt, horns 2, deformed body, frail 1, strong 1
a: Evoke Flight


You were on level 10 of the Dungeon.
You were very hungry.

You visited 2 branches of the dungeon, and saw 11 of its levels.

You collected 631 gold pieces.
You spent 204 gold pieces at shops.

Inventory:

Hand Weapons
 a - a +3 scimitar (weapon)
 b - a +1 mace of protection
 n - a cursed +5 great sword
 o - a +1 flail of crushing
 y - a +1 halberd of freezing
Armour
 c - a +0 shield (worn)
 s - a +0 scale mail (worn)
 K - a +0 chain mail of fire resistance
 N - a +1 pair of gloves (worn)
Jewellery
 e - the amulet "Loduesch" (around neck) {RegenMP rElec rC+ Stlth-}
   (You acquired it in the Ecumenical Temple)

   [amulet of magic regeneration]

   It increases your magic regeneration.
   It protects you from cold.
   It insulates you from electricity.
   It makes you less stealthy.
 t - a ring of see invisible (right hand)
 H - a ring of flight (left hand)
Wands
 A - a wand of clouds (4/9)
 C - a wand of lightning (0/15)
 E - a wand of paralysis (20/24)
 I - a wand of lightning (0/15)
Scrolls
 h - 3 scrolls of magic mapping
 k - 7 scrolls of remove curse
 r - 5 scrolls of teleportation
 v - 4 scrolls of amnesia
 F - 2 scrolls of immolation
Potions
 j - a potion of haste {unknown}
 l - a potion of mutation {unknown}
 m - 3 potions of curing {unknown}
 p - a potion of lignification {unknown}
 q - 2 potions of berserk rage
 u - a potion of flight
 z - a potion of invisibility
 B - a potion of degeneration {unknown}
 J - a potion of resistance
Books
 d - a book of Callings

   Spells                             Type                      Level
   a - Summon Small Mammal            Summoning                    1
   b - Call Imp                       Summoning                    2
   c - Call Canine Familiar           Summoning                    3
   d - Summon Guardian Golem          Hexes/Summoning              3
   e - Summon Lightning Spire         Summoning/Air                4
   f - Summon Ice Beast               Ice/Summoning                4
Comestibles
 f - 8 bread rations
 w - 5 royal jellies
 x - 3 meat rations


   Skills:
 - Level 10.4(10.0) Fighting
 - Level 10.4(10.0) Long Blades
 + Level 8.7(8.3) Armour
 - Level 5.5(5.1) Dodging
 + Level 8.8(8.4) Shields
 - Level 5.1(4.8) Evocations


You had 10 spell levels left.
You didn't know any spells.

Dungeon Overview and Level Annotations

Branches:
Dungeon (10/15)            Temple (1/1) D:7            Lair (0/6) D:9
    Orc (0/2) D:9

Altars:
Ashenzari
Cheibriados
Dithmenos
Elyvilon
Fedhas
Gozag
Hepliaklqana
Kikubaaqudgha
Makhleb
Nemelex Xobeh
Okawaru
Qazlal
Ru
Sif Muna
Trog
Uskayaw
Vehumet
Xom
Yredelemnul
Zin
The Shining One

Shops:
D:4 *   D:6 *   D:9 :


Innate Abilities, Weirdness & Mutations

You reflexively headbutt those who attack you in melee.
You have a pair of horns on your head.
Armour fits poorly on your strangely shaped body.
You are frail. (-10% HP)
Your muscles are strong. (Str +2)


Message History

The slime creature is heavily wounded.
You open the slime creature like a pillowcase!!!
You kill the slime creature!
You have reached level 11!
You hear a shout!
A gnoll comes into view. It is wielding a flail of draining.
The gnoll shouts!
You feel a strong urge to attack something.
You found a shaft!
You feel your anger subside. 2 gnolls come into view.
You are no longer berserk.
You are exhausted.
You feel yourself slow down.
The gnoll shouts! x2
A two-headed ogre comes into view.
It is wielding a giant spiked club and a giant club.
The gnoll hits you with a flail of draining!
* * * LOW HITPOINT WARNING * * *
You feel drained.
You die...

#...........#
#...........#
#..........<#
#...)<......#
#...........#
#...........#
#...........#
#...........#
#...@.......#
#...g.......#
#...g.......#
#....g......#
#...........
#.....>.....
#..$........
#...........
#.....^....


You could see 3 gnolls.

Vanquished Creatures
  A two-headed ogre (D:8)
  A troll (D:9)
  A tengu conjurer (D:8)
  A hornet (D:9)
  5 slime creatures (D:10)
  A hungry ghost (D:7)
  2 porcupines (D:9)
  8 orc warriors
  Duvessa (D:6)
  3 sky beasts
  2 black bears
  8 ogres
  2 centaurs (D:8)
  2 crocodiles (D:9)
  5 bullfrogs
  2 scorpions
  Dowan (D:6)
  A wyvern skeleton (D:6)
  15 wights (D:7)
  A vampire bat (D:5)
  2 howler monkeys
  6 crimson imps
  A centaur zombie (D:10)
  4 hounds
  4 jellies
  6 orc priests
  A bullfrog skeleton (D:8)
  2 iguanas (D:8)
  15 orc wizards
  6 worker ants
  9 adders
  2 shadow imps
  3 adder skeletons
  An adder zombie (D:6)
  4 worms
  5 dart slugs
  3 fire bats (D:5)
  6 leopard geckos
  44 orcs
  2 spectral bats (D:5)
  3 bat skeletons (D:5)
  A bat zombie (D:5)
  5 giant cockroaches
  4 goblins
  6 hobgoblins
  5 jackals
  4 quokkas
  14 bats
  A bat simulacrum (D:5)
  7 frilled lizards
  11 kobolds
  4 rats
  2 fungi (D:9)
  3 plants (D:9)
259 creatures vanquished.

Vanquished Creatures (others)
  An orc wizard (D:4)
  A fungus (D:9)
2 creatures vanquished.

Grand Total: 261 creatures vanquished

Notes
Turn   | Place    | Note
-------+----------+-------------------------------------------
     0 | D:1      | empire the Minotaur Fighter began the quest for the Orb.
     0 | D:1      | Reached XP level 1. HP: 19/19 MP: 0/0
   210 | D:1      | Reached XP level 2. HP: 27/27 MP: 1/1
   689 | D:1      | Reached skill level 1 in Dodging
   689 | D:1      | Reached XP level 3. HP: 33/33 MP: 2/2
  1466 | D:2      | Reached XP level 4. HP: 40/40 MP: 3/3
  2000 | D:3      | Reached XP level 5. HP: 41/46 MP: 4/4
  2595 | D:4      | Found Ititin's Incredible Inventory.
  2603 | D:4      | Bought a potion of invisibility for 96 gold pieces
  2971 | D:4      | You fall through a shaft for 2 floors!
  2996 | D:6      | Found Soyrr's Assorted Antiques.
  3009 | D:6      | Reached skill level 5 in Dodging
  3009 | D:6      | Reached XP level 6. HP: 37/52 MP: 5/5
  3015 | D:6      | Bought a scroll labeled VIAGHUKOAC for 27 gold pieces
  3015 | D:6      | Bought a scroll labeled IHOTURGHAISM for 27 gold pieces
  3015 | D:6      | Bought a scroll labeled HUOXKAF GUTWAL for 27 gold pieces
  3015 | D:6      | Bought a scroll labeled PASMIO GUUGE for 27 gold pieces
  3397 | D:5      | Entered Level 5 of the Dungeon
  3583 | D:4      | Reached skill level 1 in Evocations
  4116 | D:5      | Reached XP level 7. HP: 44/59 MP: 8/8
  5129 | D:5      | Reached skill level 5 in Evocations
  5609 | D:6      | Noticed Duvessa
  5609 | D:6      | Noticed Dowan
  5616 | D:6      | Killed Dowan
  5616 | D:6      | Reached skill level 5 in Fighting
  5616 | D:6      | Reached XP level 8. HP: 67/68 MP: 10/10
  5622 | D:6      | Killed Duvessa
  5622 | D:6      | Reached skill level 5 in Long Blades
  6184 | D:7      | Found a staircase to the Ecumenical Temple.
  6224 | D:7      | Gained mutation: You are weak. (Str -2) [mutagenic meat]
  6225 | D:7      | Lost mutation: You are weak. (Str -2) [mutagenic meat]
  6226 | D:7      | Gained mutation: You are frail. (-10% HP) [mutagenic meat]
  6227 | D:7      | Gained mutation: Armour fits poorly on your strangely shaped body. [mutagenic meat]
  6228 | D:7      | Gained mutation: Your muscles are strong. (Str +2) [mutagenic meat]
  6271 | D:7      | Reached XP level 9. HP: 27/72 MP: 11/11
  6296 | Temple   | Entered the Ecumenical Temple
  6426 | Temple   | Got a wavering garnet amulet
  6429 | Temple   | Identified the amulet "Loduesch" {RegenMP rElec rC+ Stlth-} (You acquired it in the Ecumenical Temple)
  7998 | D:8      | Noticed a two-headed ogre
  8016 | D:8      | Killed a two-headed ogre
  8016 | D:8      | Reached skill level 10 in Fighting
  8016 | D:8      | Reached skill level 10 in Long Blades
  8016 | D:8      | HP: 2/76 [centaur/arrow (8)]
  8398 | D:8      | Reached XP level 10. HP: 84/84 MP: 12/12
  8821 | D:8      | Reached skill level 5 in Shields
  9001 | D:9      | Reached skill level 5 in Armour
  9816 | D:9      | Found a staircase to the Lair.
  9888 | D:9      | Found a staircase to the Orcish Mines.
 10377 | D:9      | Found Rurphist's Book Shoppe.
 11016 | D:10     | Entered Level 10 of the Dungeon
 11262 | D:10     | Reached XP level 11. HP: 18/90 MP: 13/13
 11267 | D:10     | Noticed a two-headed ogre
 11270 | D:10     | HP: 4/90 [gnoll/flail of draining (10)]
 11270 | D:10     | Slain by a gnoll

Skill      XL: |  1  2  3  4  5  6  7  8  9 10 |
---------------+-------------------------------+-----
Shields        | 4 8 |  8.8
Fighting       | 4 5 7 10 | 10.4
Dodging        | 1 3 5 |  5.5
Long Blades    | 3 4 7 10 | 10.4
Armour         | 4 8 |  8.7
Evocations     | 3 5 |  5.1

Action                   |  1- 3 |  4- 6 |  7- 9 | 10-12 || total
-------------------------+-------+-------+-------+-------++-------
Melee: Long sword        |   103 |   142 |   165 |       ||   410
       Headbutt          |    18 |    28 |    55 |    57 ||   158
       Scimitar          |       |       |   105 |   215 ||   320
Evoke: Wand              |       |       |     7 |     4 ||    11
  Use: Scroll            |       |     1 |    17 |     4 ||    22
       Potion            |       |       |     5 |     2 ||     7
 Stab: Paralysed         |       |       |     7 |       ||     7
  Eat: Chunk             |     1 |     8 |    23 |     7 ||    39
       Fruit             |       |       |       |     1 ||     1
Armor: Scale mail        |    51 |    50 |    85 |    36 ||   222
Dodge: Dodged            |    37 |    50 |   119 |    59 ||   265
Block: Shield            |    58 |    57 |   161 |    81 ||   357
       Rpst.: Long sword |    12 |    14 |    17 |       ||    43
       Scimitar          |       |       |     5 |    16 ||    21
